 Dungeon Crawl Stone Soup version 0.18.1-48-g4cf74bf (webtiles) character file.

91 Razz the Slasher (level 4, -1/35 HPs)
             Began as a Human Berserker on Aug 21, 2016.
             Was a Believer of Trog.
             Slain by a goblin (3 damage)
             ... led by Robin
             ... on level 2 of the Dungeon.
             The game lasted 00:10:00 (1103 turns).

Razz the Slasher (Human Berserker)                  Turns: 1103, Time: 00:10:01

Health: -1/35      AC:  3    Str: 18    XL:     4   Next: 87%
Magic:  4/4        EV: 12    Int:  8    God:    Trog [**....]
Gold:   77         SH:  0    Dex: 12    Spells: 0 memorised, 3 levels left

rFire  . . .     SeeInvis .     a - +0 falchion
rCold  . . .     Gourm    .     b - +0 animal skin
rNeg   . . .     Faith    .     (no shield)
rPois  .         Spirit   .     f - +0 helmet
rElec  .         Dismiss  .     (no cloak)
rCorr  .         Reflect  .     (no gloves)
SustAt .         Harm     .     (no boots)
MR     .....                    (no amulet)
Stlth  +.........               (no ring)
                                h - ring of wizardry

@: not resistant to hostile enchantments, very unstealthy
A: no striking features
a: Berserk, Trog's Hand, Burn Spellbooks, Renounce Religion


You were on level 2 of the Dungeon.
You worshipped Trog.
Trog was pleased with you.
You were not hungry.

You visited 1 branch of the dungeon, and saw 2 of its levels.

You collected 77 gold pieces.

Inventory:

Hand Weapons
 a - a +0 falchion (weapon)
Armour
 b - a +0 animal skin (worn)
 f - a +0 helmet (worn)
Jewellery
 h - a ring of wizardry (left hand)
Scrolls
 e - 3 scrolls of identify
 l - a scroll of remove curse
Comestibles
 c - a bread ration


   Skills:
 - Level 3.0 Fighting
 * Level 5.2 Long Blades
 - Level 2.0 Armour
 - Level 2.0 Dodging


You had 3 spell levels left.
You didn't know any spells.

Dungeon Overview and Level Annotations

Branches:
Dungeon (2/15)

Altars:


Message History

a dagger; a goblin corpse
g - a stone There isn't anything here!
Eat which item? (? for menu, Esc to quit)
You continue eating. x2
You finish eating.
That bread ration really hit the spot!
Throwing (i - inventory):
g - a stone (quivered)
Press: ? - help, Shift-Dir - straight line, f - goblin
Aim: a goblin You throw a stone.
The stone hits the goblin but does no damage.
The goblin hits you but does no damage.
You hit the goblin.
The goblin is moderately wounded.
The goblin hits you.
* * * LOW HITPOINT WARNING * * *
You miss the goblin.
The goblin is moderately wounded.
The goblin hits you.
You die...

*******,****#.*
,,,,,,*,#####.###################
,,,,,,,,........................>
****,,*,*.............##.g.#.....
#..#,+............###########.
#..#**,,.#........#*##>##**,#.
#..#,*,,,#........##8...8#*,#g
#...,,,,,#....g†..##.....#*,#.
#..#,**,*#...@....#8.....8*,..
#..#,,,,*#.######.##.....##,##
#..#######)# #.##8...8#*,**
#.......†).# #.#*,,,,,**,,*
#.########)# ###8,,,,,8**,*
####.# #(# **,,,,,***,* ...#.#
### *8,,,8* *,* ...#'##
***_*****,* ......# ****** *,,*


You could see a goblin.

Vanquished Creatures
  Jessica (D:2)
  Robin (D:2)
  An adder (D:2)
  A worm (D:2)
  3 dart slugs
  A giant cockroach (D:1)
  12 goblins
  A hobgoblin (D:2)
  4 jackals (D:1)
  A kobold (D:2)
  2 bats (D:2)
  A giant newt (D:1)
  7 rats
36 creatures vanquished.

Notes
Turn   | Place    | Note
--------------------------------------------------------------
     0 | D:1      | Razz the Human Berserker began the quest for the Orb.
     0 | D:1      | Reached XP level 1. HP: 18/18 MP: 1/1
   180 | D:1      | Reached XP level 2. HP: 24/24 MP: 2/2
   449 | D:1      | Reached skill level 4 in Long Blades
   449 | D:1      | Reached XP level 3. HP: 29/29 MP: 3/3
   457 | D:1      | Reached ** piety under Trog
   589 | D:2      | Noticed Jessica
   599 | D:2      | Killed Jessica
   599 | D:2      | Reached XP level 4. HP: 17/35 MP: 4/4
   990 | D:2      | Noticed Robin
  1017 | D:2      | Reached skill level 5 in Long Blades
  1069 | D:2      | HP: 1/52 [Robin/whip (3)]
  1074 | D:2      | Killed Robin
  1103 | D:2      | Slain by a goblin

Skill      XL: |  1  2  3  4 |
---------------+-------------+-----
Long Blades    | 4 5 |  5.2
Fighting       | |  3.0
Armour         | |  2.0
Dodging        | |  2.0

Action                   |  1- 3 |  4- 6 || total
-------------------------+-------+-------++-------
Melee: Falchion          |    64 |    61 ||   125
Throw: Stone             |       |    28 ||    28
  Use: Scroll            |     1 |     4 ||     5
       Potion            |       |     1 ||     1
  Eat: Bread ration      |       |     1 ||     1
Armor: Animal skin       |    14 |    10 ||    24
       Skin              |       |    35 ||    35
Dodge: Dodged            |    43 |    32 ||    75
